 Dungeon Crawl Stone Soup version 0.20.0-15-g7f486f2 (webtiles) character file.

266 straycat the Skirmisher (level 6, -1/44 HPs)
             Began as a Vampire Fighter on June 23, 2017.
             Was a Follower of Hepliaklqana.
             Killed by divine providence
             ... invoked by an orc priest
              (11 damage)
             ... on level 5 of the Dungeon.
             The game lasted 00:09:34 (2914 turns).

straycat the Skirmisher (Vampire Fighter)           Turns: 2914, Time: 00:09:37

Health: -1/44      AC:  9    Str: 15    XL:     6   Next: 0%
Magic:  6/6        EV: 11    Int: 16    God:    Hepliaklqana [*.....]
Gold:   143        SH:  0    Dex: 15    Spells: 5/5 levels left

rFire    . . .     SeeInvis +   y - +0 long sword
rCold    . . .     Gourm    .   (no shield)
rNeg     + . .     Faith    .   b - +0 scale mail
rPois    .         Spirit   .   (no helmet)
rElec    .         Reflect  .   (no cloak)
rCorr    +         Harm     .   t - +2 pair of gloves
MR       .....                  (no boots)
Stlth    +.........             v - amulet of magic regeneration
Regen    0.2/turn               g - ring of resist corrosion
MPRegen  0.2/turn               m - +5 ring of intelligence

@: no status effects
A: reduced essence, fangs 3, see invisible, unbreathing
a: Bat Form, Recall Ancestor, Ancestor Identity, Renounce Religion


You were on level 5 of the Dungeon.
You worshipped Hepliaklqana.
Hepliaklqana was aware of your devotion.
You were not thirsty.

You visited 1 branch of the dungeon, and saw 5 of its levels.

You collected 225 gold pieces.
You spent 82 gold pieces at shops.

Inventory:

Hand Weapons
 a - a +0 rapier
 s - a cursed -3 hunting sling
 y - a +0 long sword (weapon)
Missiles
 h - 33 sling bullets
 i - 58 bolts
 o - 27 arrows
 z - 14 poisoned needles
 A - 2 throwing nets (quivered)
Armour
 b - a +0 scale mail (worn)
 c - a +0 shield
 t - a +2 pair of gloves (worn)
Jewellery
 g - a ring of resist corrosion (left hand)
 m - a +5 ring of intelligence (right hand)
 v - an amulet of magic regeneration (around neck)
Scrolls
 f - 6 scrolls of identify
 j - a scroll of enchant armour
 l - a scroll of enchant weapon {unknown}
 q - a scroll of recharging {unknown}
 r - 3 scrolls of teleportation
Potions
 d - 2 potions of might
 e - 19 potions of blood
 k - a potion of flight {unknown}
 n - a potion of resistance {unknown}
 p - 3 potions of mutation {unknown}
 u - 5 potions of agility {unknown}
 w - a potion of haste {unknown}
 x - a potion of curing {unknown}
 B - a potion of heal wounds {unknown}


   Skills:
 * Level 4.3 Fighting
 - Level 2.4 Short Blades
 - Level 2.4 Armour
 * Level 3.6 Dodging
 + Level 3.6 Stealth
 - Level 2.9 Shields


You had 5 spell levels left.
You didn't know any spells.

Dungeon Overview and Level Annotations

Branches:
Dungeon (5/15)
 Temple: D:4-7

Altars:
Elyvilon
Gozag
Hepliaklqana
Kikubaaqudgha
Xom
The Shining One

Shops:
D:4 ?


Innate Abilities, Weirdness & Mutations

You have razor-sharp teeth.
You have supernaturally acute eyesight. (SInv)
You can survive without breathing.
Your life essence is reduced. (-10% HP)


Message History

The orc priest mumbles some strange prayers to Beogh against you.
Beogh smites you!
* * * LOW HITPOINT WARNING * * *
The orc priest hits you with a falchion.
* * * LOW HITPOINT WARNING * * *
Things that are here:
a flail; a ring mail; an orc corpse You closely miss the orc priest.
The orc priest closely misses you.
You riposte.
You hit the orc priest but do no damage.
Your bite misses the orc priest. You closely miss the orc priest.
The orc priest looks encouraged for a moment.
You slash the orc priest!
The orc priest is heavily wounded.
The orc priest closely misses you.
The orc wizard looks encouraged for a moment.
The orc priest mumbles some strange prayers to Beogh against you.
Beogh smites you!
You die...

#....%.....
#..))......
#####......
##...(. ##....
##.#. #.#.
.##############
#.#.
.....oo@......#
#.#.
.############.#
#.## #.# #.##
#.# #.## #.#
#.##
#.#######...
#...........
#..#########
#####..####


You could see an orc priest and an orc wizard.

Vanquished Creatures
  A phantom (D:4)
  An orc priest (D:5)
  An iguana (D:5)
  5 adders
  A dart slug (D:2)
  An orc (D:5)
  7 bats
  2 giant cockroaches (D:2)
  5 goblins
  4 hobgoblins
  11 jackals
  3 kobolds
  2 quokkas
  A ball python (D:2)
  4 frilled lizards
  7 rats
56 creatures vanquished.

Vanquished Creatures (collateral kills)
  An adder (D:3)
  3 orcs
  A bat (D:3)
  A kobold (D:3)
  A rat (D:3)
7 creatures vanquished.

Grand Total: 63 creatures vanquished

Notes
Turn   | Place    | Note
-------+----------+-------------------------------------------
     0 | D:1      | straycat the Vampire Fighter began the quest for the Orb.
     0 | D:1      | Reached XP level 1. HP: 17/17 MP: 1/1
   108 | D:1      | Reached XP level 2. HP: 18/23 MP: 2/2
   110 | D:1      | Reached skill level 1 in Stealth
   492 | D:1      | Reached skill level 3 in Fighting
   714 | D:2      | Reached skill level 1 in Dodging
   880 | D:2      | Reached XP level 3. HP: 21/29 MP: 3/3
  1185 | D:2      | Found a shimmering altar of Xom.
  1188 | D:2      | Found an opulent altar of Gozag.
  1188 | D:2      | Found an ancient bone altar of Kikubaaqudgha.
  1191 | D:2      | Found a hazy altar of Hepliaklqana.
  1191 | D:2      | Found a hazy altar of Hepliaklqana.
  1191 | D:2      | Found a white marble altar of Elyvilon.
  1337 | D:2      | Found a hazy altar of Hepliaklqana.
  1362 | D:2      | Became a worshipper of Hepliaklqana the Forgotten
  1530 | D:2      | Found a glowing golden altar of the Shining One.
  1839 | D:3      | Reached XP level 4. HP: 29/31 MP: 4/4
  1960 | D:3      | Reached * piety under Hepliaklqana
  2408 | D:4      | Noticed a phantom
  2437 | D:4      | Killed a phantom
  2437 | D:4      | Reached skill level 4 in Fighting
  2437 | D:4      | Reached XP level 5. HP: 7/37 MP: 5/5
  2605 | D:4      | Found Ijizotock's Magic Scroll Shop.
  2620 | D:4      | Bought a scroll of enchant armour for 82 gold pieces
  2697 | D:4      | You fall through a shaft!
  2697 | D:5      | Entered Level 5 of the Dungeon
  2910 | D:5      | Reached XP level 6. HP: 22/44 MP: 6/6
  2914 | D:5      | Killed from afar by an orc priest

Skill      XL: |  1  2  3  4 |
---------------+-------------+-----
Stealth        | 1 2 3 |  3.6
Fighting       | 3 4 |  4.3
Dodging        | 1 2 3 |  3.6
Short Blades   | |  2.4
Armour         | |  2.4
Shields        | |  2.9

Action                   |  1- 3 |  4- 6 || total
-------------------------+-------+-------++-------
Melee: Rapier            |   132 |    36 ||   168
       Bite              |    20 |     8 ||    28
       Long sword        |       |    29 ||    29
Invok: Ancestor Identity |     1 |       ||     1
  Use: Potion            |     1 |     7 ||     8
       Scroll            |       |     8 ||     8
 Stab: Sleeping          |       |     2 ||     2
Armor: Scale mail        |    74 |    31 ||   105
Dodge: Dodged            |    81 |    41 ||   122
Block: Shield            |    12 |       ||    12
       Rpst.: Long sword |       |     5 ||     5
